 Dungeon Crawl Stone Soup version 0.30-a0-458-g86641cc369 (webtiles) character file.

Game seed: 14400286220717275444

104 dr0g0th the Covered (level 4, -1/40 HPs)
             Began as an Armataur Fighter on Dec 14, 2022.
             Slain by a hobgoblin (3 damage)
             ... led by Robin
             ... on level 3 of the Dungeon.
             The game lasted 00:03:11 (2099 turns).

dr0g0th the Covered (Armataur Fighter)              Turns: 2099, Time: 00:03:13

Health: -1/40      AC:  7    Str: 20 (22) XL:     4   Next: 52%
Magic:  4/4        EV:  7    Int:  4 (8)  God:
Gold:   124        SH:  5    Dex:  7 (11) Spells: 3/3 levels left

rFire   . . .      SeeInvis .    a - +0 long sword
rCold   . . .      Faith    +    c - +1 buckler
rNeg    . . .      Spirit   .    b - +0 scale mail
rPois   +          Reflect  .    (no helmet)
rElec   .          Harm     .    (no cloak)
rCorr   +          Roll     +    (no gloves)
Will    .....                    (no barding)
Stlth   ..........               i - amulet of faith
HPRegen 0.26/turn                f - ring of resist corrosion
MPRegen 0.09/turn                l - ring of poison resistance

@: mighty
A: large, rugged brown scales 3, deformed body, armoured tail, roll, long
tongue, awkward tongue
a: no special abilities


You were on level 3 of the Dungeon.
You visited 1 branch of the dungeon, and saw 3 of its levels.

You collected 124 gold pieces.

Inventory:

Hand Weapons
 a - a +0 long sword (weapon)
Armour
 b - a +0 scale mail (worn)
 c - a +1 buckler (worn)
Jewellery
 f - a ring of resist corrosion (left hand)
 i - an amulet of faith (around neck)
 l - a ring of poison resistance (right hand)
 u - a +4 ring of protection
Scrolls
 g - a scroll of poison {unknown}
 m - a scroll of acquirement {unknown}
 p - 3 scrolls of teleportation {unknown}
 r - 3 scrolls of identify {unknown}
 s - a scroll of torment {unknown}
Potions
 d - a potion of might
 e - a potion of invisibility {unknown}
 h - a potion of attraction {unknown}
 j - 2 potions of curing
 k - 2 potions of degeneration
 n - a potion of ambrosia {unknown}
 o - a potion of magic {unknown}
 q - a potion of flight {unknown}
 t - a potion of heal wounds {unknown}
 v - a potion of lignification {unknown}


   Skills:
 + Level 3.1 Fighting
 + Level 2.8 Long Blades
 + Level 4.8 Armour
 + Level 0.5 Dodging
 + Level 3.5 Shields


You had 3 spell levels left.
You didn't know any spells.
Your spell library contained the following spells:

 Spells                   Type           Power      Damage    Failure   Level
 Blink                    Tloc           0%         N/A       96%         2
 Momentum Strike          Conj/Tloc      0%         3d8       96%         2
 Ignite Poison            Fire/Tmut/Pois 0%         N/A       99%         3
 Kindle Blastsparks       Fire/Tloc/Air  0%         2d10      99%         3
 Lesser Beckoning         Tloc           0%         N/A       99%         3
 Sticky Flame             Conj/Fire      0%         2d3       100%        4
 Freezing Cloud           Conj/Ice/Air   0%         6-21      100%        5
 Ignition                 Fire           0%         3d3       100%        8


Dungeon Overview and Level Annotations

Branches:
Dungeon (3/15)

Altars:

Annotations:
D:3 Robin


Innate Abilities, Weirdness & Mutations

You are completely covered in rugged brown scales. (AC +3, +7% HP)
Armour fits poorly on your strangely shaped body.
You have a long armoured tail.
You roll when moving toward enemies. (Rampage)
Your long tongue fully drains potion bottles. (2x potion effects)
Your tongue gives you trouble enunciating. (1.5x scroll delay)


Message History

* * * LOW HITPOINT WARNING * * *
The goblin hits you with a +0 club.
* * * LOW HITPOINT WARNING * * *
The goblin hits you but does no damage. The goblin hits you with a +0 club.
* * * LOW HITPOINT WARNING * * *
You closely miss the goblin. You tail-slap the goblin.
You kill the goblin!
The goblin barely misses you.
The hobgoblin hits you but does no damage.
The goblin barely misses you. x2
You slash the goblin!
You kill the goblin!
Robin throws the goblin at you!
The hobgoblin hits you but does no damage.
The goblin hits you with a +0 club.
* * * LOW HITPOINT WARNING * * *
The goblin barely misses you. The goblin closely misses you.
The goblin unwields a +0 sling.
The goblin wields a +0 club.
You block the goblin's attack. The goblin hits you but does no damage.
The hobgoblin barely misses you. The goblin hits you with a +0 club.
* * * LOW HITPOINT WARNING * * *
The goblin barely misses you.
The hobgoblin hits you but does no damage.
You slurp down every last drop of the 3 sapphire potions!
It was a potion of curing.
You feel better. The goblin barely misses you.
Robin drinks a potion.
Robin seems to speed up.
You block the hobgoblin's attack. The hobgoblin hits you.
* * * LOW HITPOINT WARNING * * *
The goblin hits you with a +0 dagger.
* * * LOW HITPOINT WARNING * * *
You block the goblin's attack. The goblin hits you with a +0 club.
* * * LOW HITPOINT WARNING * * *
Unknown command.
You slurp down every last drop of the 3 viscous golden potions!
It was a potion of degeneration.
There was something very wrong with that liquid.
You feel weakened.
You feel dopey.
You feel clumsy. You block the goblin's attack.
You block the hobgoblin's attack. The hobgoblin hits you.
You die...

........# #########.#..#
........# #.#..# ........#
#########.#..#
......###..>....#.#..# ........
.......#.........#..# ......#
#+#.....#.........#.## .....#
#.#..g..#######...#..# #.. ....#
#.#.ggg.# #...#.## #..#+#...#
#.#$g@gg# #....... #..#.#...#
#.#+#g### #...#.## #..#.#...#
#.....# #...#...
#..#.#...###.....################
#..#....................# #######
#..#..####.#............# #......
#.....# ...#............# #.####.
##....#....#...)........# #.# #.
......#....#.#..........# #.# #.


You could see Robin (fast), 3 hobgoblins and 4 goblins.

Vanquished Creatures
  3 adders
  A worm (D:2)
  2 dart slugs (D:3)
  An orc (D:3)
  3 bats
  5 endoplasms
  A giant cockroach (D:2)
  10 goblins
  7 hobgoblins
  8 jackals
  5 quokkas
  6 ball pythons
  5 frilled lizards
  3 kobolds
  3 rats
63 creatures vanquished.

Notes
Turn   | Place    | Note
-------+----------+-------------------------------------------
     0 | D:1      | dr0g0th the Armataur Fighter began the quest for the Orb.
     0 | D:1      | Reached XP level 1. HP: 19/19 MP: 1/1
   196 | D:1      | Reached skill level 4 in Armour
   249 | D:1      | Reached XP level 2. HP: 25/26 MP: 2/2
   255 | D:1      | Found a faded altar of an unknown god.
   771 | D:2      | Reached XP level 3. HP: 30/33 MP: 3/3
  1102 | D:2      | Reached XP level 4. HP: 40/40 MP: 4/4
  2087 | D:3      | Noticed Robin
  2098 | D:3      | HP: 2/40 [goblin/+0 club[Robin] (4)]
  2099 | D:3      | Slain by a hobgoblin

Illustrated notes

Levels and vault maps discovered:
D:1:      eino_arrival_druids_welcome, layout_loops_ring,
          shapermc_ecumenical_altar_mp_vishouse, dk_noncrumbling_4
D:2:      layout_loops_ring
D:3:      layout_basic, minmay_misc_feat_nine_boxes, uniq_robin

Skill      XL: |  1  2 |
---------------+-------+-----
Armour         | 4 |  4.8
Fighting       | 3 |  3.1
Long Blades    | 2 |  2.8
Dodging        | |  0.5
Shields        | |  3.5

Action                   |  1- 3 |  4- 6 || total
-------------------------+-------+-------++-------
Melee: Long sword        |   123 |    41 ||   164
       Tailslap          |    10 |     6 ||    16
  Use: Scroll            |     3 |       ||     3
       Potion            |       |     3 ||     3
Armor: Scale mail        |    73 |    32 ||   105
Dodge: Dodged            |    34 |    29 ||    63
Block: Buckler           |    25 |    18 ||    43

Table legend: (Time is in decaauts)
 A = Elapsed time spent in this place.
 B = Non-inter-level travel time spent in this place.
 C = Inter-level travel time spent in this place.
 D = Time resting spent in this place.
 E = Time spent auto-exploring this place.
 F = Levels seen in this place.
 G = Mean time per level.
                   A        B        C        D        E       F      G
               +--------+--------+--------+--------+--------+-----+--------+
         Total |   2151 |   2096 |     55 |     42 |   1665 |   3 |  717.0 |
       Dungeon |   2151 |   2096 |     55 |     42 |   1665 |   3 |  717.0 |
               +--------+--------+--------+--------+--------+-----+--------+

Top non-repeatable levels by time:
     D:1: 789 daAuts
     D:2: 681 daAuts
     D:3: 680 daAuts
